 Dungeon Crawl Stone Soup version 0.21-a0-525-ga34b322 (webtiles) character file.

140 Amnesiac the Shooter (level 5, -4/39 HPs)
             Began as a Mummy Hunter on Dec 7, 2017.
             Slain by a centaur (6 damage)
             ... on level 5 of the Dungeon.
             The game lasted 00:05:52 (3126 turns).

Amnesiac the Shooter (Mummy Hunter)                 Turns: 3126, Time: 00:05:53

Health: -4/39      AC:  7    Str: 17    XL:     5   Next: 2%
Magic:  5/5        EV:  9    Int: 10    God:
Gold:   158        SH:  3    Dex: 12    Spells: 4/4 levels left

rFire    x . .     SeeInvis .   b - +0 short sword
rCold    + . .     Gourm    .   e - +0 buckler
rNeg     + + +     Faith    .   g - +1 scale mail
rPois    ∞         Spirit   .   (no helmet)
rElec    .         Reflect  .   (no cloak)
rCorr    .         Harm     .   (no gloves)
MR       .....                  (no boots)
Stlth    ..........             (no amulet)
HPRegen  0.13/turn              (no ring)
MPRegen  0.09/turn              (no ring)

@: about to teleport
A: no food or potions, fire vulnerability, cold resistance 1, negative energy
resistance 3, torment resistance, unbreathing
a: no special abilities


You were on level 5 of the Dungeon.
You were not hungry.

You visited 1 branch of the dungeon, and saw 5 of its levels.

You collected 158 gold pieces.

Inventory:

Hand Weapons
 a - a +1 shortbow
 b - a +0 short sword (weapon)
Missiles
 d - 57 arrows
Armour
 e - a +0 buckler (worn)
 g - a +1 scale mail (worn)
Scrolls
 i - 2 scrolls of enchant armour {!r}
 j - a scroll of teleportation {!r}
 k - a scroll of magic mapping {!r}
 l - 3 scrolls of remove curse {!r}


   Skills:
 + Level 2.7 Fighting
 * Level 4.0 Bows
 + Level 2.2 Armour
 + Level 2.2 Dodging
 - Level 0.7 Stealth


You had 4 spell levels left.
You didn't know any spells.

Dungeon Overview and Level Annotations

Branches:
Dungeon (5/15)             Temple (0/1) D:5

Altars:

Annotations:
D:2 Sigmund
D:3 Grinder
D:4 Blork the orc


Innate Abilities, Weirdness & Mutations

You do not eat or drink.
Your flesh is vulnerable to fire.
You are immune to poison.
Your flesh is cold resistant. (rC+)
You are immune to negative energy. (rN+++)
You are immune to unholy pain and torment.
You can survive without breathing.


Message History

Blork the orc shouts!
Blork the orc moves out of view.
You hit the giant cockroach.
You kill the giant cockroach!
Your Bows skill increases to level 4!
Blork the orc miscasts a cantrip.
Blork the orc looks satisfied for a moment.
There is an escape hatch in the floor here.
Blork the orc miscasts a cantrip.
You slide downwards.
The hatch slams shut behind you.
A worm, 3 orcs, an orc priest and an orc wizard come into view.
The orc wizard shouts!
The orc shouts! x2; The orc priest shouts!
You hear a shout!
Found a staircase to the Ecumenical Temple.
Okay, then.
A leopard gecko zombie comes into view.
The orc hits you but does no damage. x2
A centaur comes into view.
A quokka comes into view.
The centaur wields a shortbow.
The centaur shoots an arrow.
The arrow hits you.
You hear an angry hiss.
You see here an arrow.
The orc hits you but does no damage.
An iguana comes into view.
Found a scroll of teleportation.
Found a stone staircase leading down.
The leopard gecko zombie barely misses you.
The orc wizard casts a spell.
The orc wizard flickers and vanishes!
Deactivating autopickup; reactivate with Ctrl-A.
The quokka barely misses you.
The centaur unwields an uncursed shortbow.
The centaur closely misses you.
The orc priest calls down the wrath of Beogh upon you.
Beogh smites you!
Okay, then.
You can't drink.
Okay, then.
You barely miss the centaur.
The quokka bites you but does no damage.
You block the leopard gecko zombie's attack.
The centaur hits you!
* * * LOW HITPOINT WARNING * * *
The leopard gecko zombie barely misses you.
The quokka barely misses you.
Really read
j - 2 scrolls of teleportation {!r}?
As you read the scroll of teleportation {!r}, it crumbles to dust.
You feel strangely unstable. The centaur hits you.
* * * LOW HITPOINT WARNING * * *
The centaur barely misses you. The quokka barely misses you.
The orc priest mumbles some strange prayers to Beogh against you.
Beogh smites you!
* * * LOW HITPOINT WARNING * * *
The leopard gecko zombie bites you but does no damage.
You can't drink.
Okay, then.
You can't drink.
Unknown command.
Really read
f - a scroll labeled OFASAOT IMEETUXY {!r}?
As you read the scroll labeled OFASAOT IMEETUXY {!r}, it crumbles to dust.
You hear a loud clanging noise!
It was a scroll of noise {!r}.
You hear a shout! x3
The centaur hits you.
You die...

#... #?>.#
##...#
+....#
#...#
#+####..l#
.....+..r##
......woZ@#
...⌠...oc##
.......o.##
.⌠.>.⌠..o(#
.........##
...⌠.....#
.........#
##########


You could see a centaur, a worm, an iguana, an orc priest, 3 orcs, a leopard
gecko zombie and a quokka.

Vanquished Creatures
  An orc priest (D:3)
  3 adders
  An adder skeleton (D:4)
  4 dart slugs
  2 leopard geckos (D:1)
  8 orcs
  A ball python (D:3)
  5 bats
  7 giant cockroaches
  7 goblins
  3 hobgoblins
  3 quokkas
  4 frilled lizards
  5 kobolds
  10 rats
64 creatures vanquished.

Notes
Turn   | Place    | Note
-------+----------+-------------------------------------------
     0 | D:1      | Amnesiac the Mummy Hunter began the quest for the Orb.
     0 | D:1      | Reached XP level 1. HP: 16/16 MP: 1/1
   238 | D:1      | Reached skill level 1 in Armour
   253 | D:1      | Reached XP level 2. HP: 16/22 MP: 2/2
  1086 | D:2      | Reached XP level 3. HP: 25/27 MP: 3/3
  2243 | D:3      | Reached XP level 4. HP: 21/34 MP: 4/4
  2555 | D:3      | Noticed Sigmund
  2959 | D:3      | Noticed Grinder
  3058 | D:4      | Reached XP level 5. HP: 37/39 MP: 5/5
  3107 | D:4      | Noticed Blork the orc
  3111 | D:4      | Reached skill level 4 in Bows
  3118 | D:5      | Entered Level 5 of the Dungeon
  3118 | D:5      | Found a staircase to the Ecumenical Temple.
  3120 | D:5      | Noticed a centaur
  3126 | D:5      | Slain by a centaur

Vault maps used:
D:1:      lightli_iron_boxes, minmay_tree_intersection, minmay_domino_2
D:3:      nicolae_overflow_crystal_walls, uniq_sigmund, uniq_terence,
          uniq_grinder
D:4:      first_bread, uniq_blork_the_orc, uniq_pikel, uniq_natasha
D:5:      temple_fountains, trog_butcher_becter, uniq_duvessa

Skill      XL: |  1  2  3  4  5 |
---------------+----------------+-----
Armour         | 1 2 |  2.2
Dodging        | 2 |  2.2
Bows           | 4 |  4.0
Fighting       | |  2.7
Stealth        | |  0.7

Action                   |  1- 3 |  4- 6 || total
-------------------------+-------+-------++-------
Melee: Short sword       |   194 |    58 ||   252
 Fire: Shortbow          |       |    43 ||    43
  Use: Scroll            |       |     7 ||     7
Armor: Scale mail        |   126 |    39 ||   165
       Leather armour    |     1 |       ||     1
Dodge: Dodged            |   138 |    44 ||   182
Block: Buckler           |    45 |     8 ||    53

Table legend:
 A = Spawn XP
 B = Non-spawn XP
 C = Spawn XP percentage of total XP
 D = Spawn monster count
 E = Non-spawn monster count
 F = Spawn count percentage of total count
 G = Total turns spent on level
                    A         B        C        D         E        F      G
               +---------+---------+-------+---------+---------+-------+---------
         Total |       0 |     200 |   0.0 |       0 |      64 |   0.0 |  3126
               +---------+---------+-------+---------+---------+-------+---------
           D:1 |       0 |      37 |   0.0 |       0 |      19 |   0.0 |   926
           D:2 |       0 |      55 |   0.0 |       0 |      19 |   0.0 |  1615
           D:3 |       0 |      99 |   0.0 |       0 |      23 |   0.0 |   430
           D:4 |       0 |       9 |   0.0 |       0 |       3 |   0.0 |   147
               +---------+---------+-------+---------+---------+-------+---------
